 Dungeon Crawl Stone Soup version 0.31-a0-1576-ga3383bade6 (webtiles) character file.

Game seed: 2646795061329032824

2849 innerfire43 the Conjurer (level 9, -2/63 HPs)
             Began as a Demonspawn Wanderer on Jan 4, 2024.
             Was a Follower of Makhleb.
             Shot with a bolt by an orc warrior (12 damage)
             ... in a bailey.
             The game lasted 00:13:27 (6532 turns).

innerfire43 the Conjurer (Demonspawn Wanderer)      Turns: 6532, Time: 00:13:28

Health: -2/63      AC:  8    Str: 19    XL:     9   Next: 46%
Magic:  15/16      EV: 10    Int: 18    God:    Makhleb [*.....]
Gold:   343        SH:  0    Dex: 14    Spells: 16/17 levels left

rFire   . . .        r - +9 falchion of Watchfulness {heavy, rPois Str+5 Dex+2}
rCold   . . .        (no shield)
rNeg    . . .        s - +3 ring mail
rPois   +            (no helmet)
rElec   .            (no cloak)
rCorr   .            (no gloves)
SInv    .            (no boots)
Will    .....        h - amulet of the acrobat
Stlth   +            (no ring)
HPRegen 0.30/turn    (no ring)
MPRegen 0.15/turn

%: acrobat
@: no status effects
A: demonic guardian 2, big brain 1, demonic touch 2
a: Renounce Religion


You were in a bailey.
You worshipped Makhleb.
Makhleb was aware of your devotion.
You visited 1 branch of the dungeon, and saw 8 of its levels.
You also visited: Bailey.

You collected 343 gold pieces.

Inventory:

Hand Weapons
 a - a +0 long sword
 g - a +2 short sword of venom
 r - the +9 falchion of Watchfulness (weapon) {heavy, rPois Str+5 Dex+2}
   (You found it on level 7 of the Dungeon)

   Str+5:     It affects your strength (+5).
   Dex+2:     It affects your dexterity (+2).
   rPois:     It protects you from poison
Missiles
 c - a throwing net
Armour
 b - a +0 scale mail
 s - a +3 ring mail (worn)
Jewellery
 h - an amulet of the acrobat (around neck)
 o - a ring of wizardry
Scrolls
 k - a scroll of blinking {unknown}
 m - 2 scrolls of noise {unknown}
 n - 3 scrolls of identify
 p - a scroll of poison {unknown}
 t - a scroll of teleportation
Potions
 e - a potion of lignification {unknown}
 f - a potion of magic {unknown}
 i - 2 potions of might {unknown}
 j - 3 potions of curing {unknown}
 l - a potion of brilliance {unknown}
 q - 2 potions of mutation {unknown}


   Skills:
 - Level 3.1 Fighting
 - Level 3.3(4.3) Short Blades
 + Level 4.3(4.8) Long Blades
 - Level 1.0 Armour
 - Level 1.0 Stealth
 + Level 4.9 Spellcasting
 + Level 6.1 Conjurations
 + Level 5.7 Fire Magic
 + Level 4.4 Air Magic
 * Level 3.8 Invocations


You had 16 spell levels left.
You knew the following spells:

 Your Spells              Type           Power      Damage    Failure   Level
a - Foxfire               Conj/Fire      100%       2x1d9     1%          1

Your spell library contained the following spells:

 Spells                   Type           Power      Damage    Failure   Level
 Magic Dart               Conj           100%       1d8       1%          1
 Shock                    Conj/Air       92%        1d8       2%          1
 Swiftness                Air            20%        N/A       11%         3
 Inner Flame              Hex/Fire       14%        N/A       22%         3
 Blink                    Tloc           8%         N/A       34%         2
 Call Imp                 Summ           8%         N/A       34%         2
 Lesser Beckoning         Tloc           8%         N/A       34%         2
 Airstrike                Air            10%        2d(2-18)  36%         4
 Frozen Ramparts          Ice            8%         1d2       56%         3
 Gell's Gravitas          Tloc           4%         N/A       56%         3
 Teleport Other           Tloc           4%         N/A       56%         3
 Arcjolt                  Conj/Air       11%        1d21      58%         5
 Vhi's Electric Charge    Tloc/Air       24%        N/A       67%         4
 Leda's Liquefaction      Alch/Erth      2%         N/A       93%         4
 Petrify                  Alch/Erth      4%         N/A       93%         4
 Plasma Beam              Fire/Air       11%        2x1d22    99%         6
 Metabolic Englaciation   Hex/Ice        2%         N/A       100%        5


Dungeon Overview and Level Annotations

Branches:
Dungeon (8/15)             Temple (0/1) D:7          Bailey (1/1)
   Lair: D:8-11

Altars:
Makhleb
Okawaru
Vehumet
Xom

Shops:
D:7 !


Innate Abilities, Weirdness & Mutations

A demonic guardian rushes to your aid.
You have an unusually large brain. (Int +2)
Your touch may inflict irresistible damage on your foes.


Message History

The orc warrior shoots a bolt.
The bolt hits you.
* * * LOW HITPOINT WARNING * * *
The orc warrior shoots a bolt.
The bolt completely misses you.
The orc warrior shoots a bolt.
The bolt barely misses you.
The orc warrior shoots a bolt.
The bolt closely misses you.
The orc warrior shoots a bolt.
The bolt completely misses you.
The orc warrior shoots a bolt.
The bolt closely misses you.
The orc warrior shoots a bolt.
The bolt closely misses you.
The orc warrior shoots a bolt.
The bolt completely misses you.
The orc warrior shoots a bolt.
The bolt completely misses you.
The orc warrior shoots a bolt.
The bolt completely misses you.
You feel less invigorated.
You feel less confused.
The orc warrior shoots a bolt.
The bolt closely misses you.
The orc warrior shoots a bolt.
The bolt barely misses you.
The orc warrior shoots a bolt.
The bolt misses you.
The orc warrior shoots a bolt.
The bolt misses you.
The orc warrior shoots a bolt.
The bolt misses you.
The orc warrior shoots a bolt.
The bolt barely misses you.
You hit the orc warrior.
You touch the orc warrior!
The orc warrior is almost dead.
The orc warrior unwields a +0 arbalest.
The orc warrior hits you!
The orc warrior shoots a bolt.
The bolt hits you!!
You barely miss the orc warrior. Your touch misses the orc warrior.
The orc warrior is almost dead.
The orc warrior hits you but does no damage.
The orc warrior shoots a bolt.
The bolt barely misses you.
The orc shoots a bolt.
The bolt misses you.
You slice the orc warrior!!
You kill the orc warrior!
Makhleb accepts your kill.
You feel better.
The orc warrior shoots a bolt.
The bolt hits you!
* * * LOW HITPOINT WARNING * * *
A demonic guardian appears!
The orc shoots a bolt.
The bolt hits you but does no damage.
Casting: Foxfire (safe; 1% risk of failure)
Press: ? - help, Q - select action, (/) - cycle Dir - look around, f - activate You conjure some foxfire!
The orc warrior shoots a bolt.
The bolt hits you!
You die...

#####################
#∩...................
#.∩..................
#....................
#....................
#......≈≈≈≈v@).......
#.....≈≈###v≈).......
#.....≈##.##≈4.......
#.....≈#...oo........
#.....≈##.∩#≈........
#.....≈≈#.##≈......##
≈. ≈≈...#### ..
....##


You could see an orc warrior (ally target), an orc and a friendly rust devil
(summoned).

Vanquished Creatures
  Grinder (D:3)
  Edmund (D:6)
  4 water moccasins
  2 orc warriors (Bailey)
  2 black bears (D:5)
  A hornet zombie (D:5)
  2 ogres
  2 kobold brigands
  4 phantoms (D:5)
  A water moccasin skeleton (D:5)
  A bombardier beetle (D:7)
  A centaur zombie (D:5)
  A bullfrog zombie (D:5)
  3 hounds
  2 jellies
  An orc priest (D:7)
  2 iguanas (D:5)
  A killer bee zombie (D:5)
  A hound zombie (D:5)
  14 gnolls
  3 adders
  2 ufetubi (D:6)
  2 ribbon worms
  2 dart slugs
  12 orcs
  8 ball pythons
  6 bats
  6 endoplasms
  4 giant cockroaches
  14 goblins
  6 hobgoblins
  7 jackals (D:1)
  12 kobolds
  3 quokkas
  3 frilled lizards
  8 rats
145 creatures vanquished.

Vanquished Creatures (collateral kills)
  A gnoll sergeant (D:8)
  2 water moccasin zombies (D:5)
  A gnoll bouda (D:7)
  An orc priest (D:6)
  An orc wizard (D:6)
  2 hound zombies (D:5)
  7 gnolls
  An adder (D:6)
16 creatures vanquished.

Vanquished Creatures (others)
  A quokka (D:3)
  A kobold (D:3)
  183 foxfires
185 creatures vanquished.

Grand Total: 346 creatures vanquished

Notes
Turn   | Place    | Note
-------+----------+-------------------------------------------
     0 | D:1      | innerfire43 the Demonspawn Wanderer began the quest for the
                  | Orb.
     0 | D:1      | innerfire43 set off with the following items: a +0 long
                  | sword, a +0 scale mail, a potion of heal wounds; and the
                  | following spell memorised: Foxfire; and the following
                  | spells available to memorise: Inner Flame.
     0 | D:1      | Reached XP level 1. HP: 16/16 MP: 2/2
   103 | D:1      | Gained mutation: Your touch may inflict minor irresistible
                  | damage on your foes. [demonic ancestry]
   103 | D:1      | Reached XP level 2. HP: 22/22 MP: 3/3
   192 | D:1      | Reached skill level 1 in Conjurations
   402 | D:1      | Reached XP level 3. HP: 17/27 MP: 5/5
  1366 | D:3      | Gained mutation: You have an unusually large brain. (Int
                  | +2) [demonic ancestry]
  1366 | D:3      | Reached XP level 4. HP: 32/33 MP: 6/6
  1648 | D:3      | Noticed Grinder
  1662 | D:3      | Killed Grinder
  1663 | D:3      | Reached skill level 1 in Short Blades
  1663 | D:3      | Reached skill level 2 in Conjurations
  1663 | D:3      | Reached XP level 5. HP: 27/40 MP: 7/9
  1663 | D:3      | Gained mutation: A weak demonic guardian rushes to your
                  | aid. [demonic ancestry]
  1663 | D:3      | Reached XP level 6. HP: 31/46 MP: 7/10
  1914 | D:3      | Found a shimmering altar of Xom.
  2379 | D:4      | Reached skill level 3 in Conjurations
  2473 | D:4      | You fall into a shaft and drop 1 floor!
  2473 | D:5      | Entered Level 5 of the Dungeon
  2631 | D:5      | Reached XP level 7. HP: 25/52 MP: 10/12
  2764 | D:5      | Reached skill level 1 in Air Magic
  2944 | D:5      | Reached skill level 4 in Conjurations
  3294 | D:5      | Gained mutation: Your touch may inflict irresistible damage
                  | on your foes. [demonic ancestry]
  3294 | D:5      | Reached XP level 8. HP: 26/58 MP: 13/13
  3552 | D:5      | Reached skill level 5 in Conjurations
  3719 | D:5      | Found a burning altar of Makhleb.
  3735 | D:5      | Became a worshipper of Makhleb the Destroyer
  4070 | D:6      | Reached skill level 5 in Fire Magic
  4225 | D:6      | Noticed Edmund
  4232 | D:6      | Killed Edmund
  4935 | D:7      | Gained mutation: A demonic guardian rushes to your aid.
                  | [demonic ancestry]
  4935 | D:7      | Reached XP level 9. HP: 48/63 MP: 10/15
  4991 | D:7      | Identified the +9 falchion of Watchfulness {heavy, rPois
                  | Str+5 Dex+2}
  5060 | D:7      | Found a radiant altar of Vehumet.
  5083 | D:7      | Reached * piety under Makhleb
  5090 | D:7      | Reached skill level 1 in Invocations
  5120 | D:7      | Found a staircase to the Ecumenical Temple.
  5403 | D:7      | Found Cauroluug's Distillery.
  5863 | D:7      | Found an iron altar of Okawaru.
  6183 | D:8      | Reached skill level 6 in Conjurations
  6351 | D:8      | Identified the +4 ring mail "Camyc" {+Blink rC+++ Int-3
                  | Dex+3}
  6360 | D:8      | Found a flagged portal.
  6444 | Bailey   | Entered a bailey
  6532 | Bailey   | Shot with a bolt by an orc warrior

Illustrated notes

Levels and vault maps discovered:
D:1:      co_arrival_square_in_a_square_in_a_square, layout_rooms
D:2:      layout_basic, hangedman_decor_lopped, serial_park_tiny_pond,
          minmay_splitting_lines
D:3:      layout_loops_ring, xom_confusion_cloud, uniq_grinder
D:4:      layout_loops_corners, elyvilon_altar_5, roderic_roman_lattice
D:5:      layout_loops_ring, kennysheep_little_box, serial_undead,
          serial_undead_e, serial_undead_b, serial_undead_c, serial_undead_d,
          serial_undead_f, serial_undead_c, serial_undead_c
D:6:      layout_rooms, uniq_edmund
D:7:      layout_basic, vehumet_crystals, mainiacjoe_overflow_24_doors,
          minmay_temple_entry_glass, serial_shops, shop, grunt_ministairs_12,
          corexii_checkpoint
D:8:      layout_basic, nicolae_overflow_quartered_altars, enter_bailey_5,
          kennysheep_potato
Bailey:   bailey_polearm_2, bailey

Skill      XL: |  1  2  3  4  5  6  7  8  9 |
---------------+----------------------------+-----
Conjurations   | 1 2 3 4 5 6 |  6.1
Fire Magic     | 2 3 4 5 |  5.7
Spellcasting   | 2 3 4 |  4.9
Short Blades   | 1 2 3 |  3.3
Fighting       | 3 |  3.1
Air Magic      | 2 4 |  4.4
Invocations    | 3 |  3.8
Long Blades    | 4 |  4.3
Armour         | |  1.0
Stealth        | |  1.0

Action                     |  1- 3 |  4- 6 |  7- 9 || total
---------------------------+-------+-------+-------++-------
  Melee: Long sword        |   102 |    29 |       ||   131
         Touch             |    11 |    13 |    31 ||    55
         Short sword       |       |    99 |   143 ||   242
         Punch             |       |       |     1 ||     1
         Falchion          |       |       |    20 ||    20
   Cast: Foxfire           |       |       |   125 ||   125
    Use: Scroll            |     2 |     1 |     2 ||     5
         Potion            |       |       |     2 ||     2
 Armour: Scale mail        |    96 |    99 |   138 ||   333
         Ring mail         |       |       |    76 ||    76
  Dodge: Dodged            |    49 |   106 |   139 ||   294

Table legend: (Time is in decaauts)
 A = Elapsed time spent in this place.
 B = Non-inter-level travel time spent in this place.
 C = Inter-level travel time spent in this place.
 D = Time resting spent in this place.
 E = Time spent auto-exploring this place.
 F = Levels seen in this place.
 G = Mean time per level.
                   A        B        C        D        E       F      G
               +--------+--------+--------+--------+--------+-----+--------+
         Total |   6534 |   6507 |     27 |      0 |   5292 |   9 |  726.0 |
       Dungeon |   6445 |   6418 |     27 |      0 |   5243 |   8 |  805.6 |
        Bailey |     89 |     89 |      0 |      0 |     49 |   1 |   89.0 |
               +--------+--------+--------+--------+--------+-----+--------+

Top non-repeatable levels by time:
     D:5: 1568 daAuts
     D:7: 1212 daAuts
     D:3: 1009 daAuts
     D:6: 853 daAuts
     D:1: 728 daAuts
     D:2: 653 daAuts
     D:8: 318 daAuts
     D:4: 101 daAuts
  Bailey: 89 daAuts
